 Dungeon Crawl Stone Soup version 0.23-a0-407-g92528d7 (webtiles) character file.

144300 Monibiz the Severer (level 16, -41/151 HPs)
             Began as a Minotaur Berserker on Nov 7, 2018.
             Was the Champion of Trog.
             Annihilated by an azure jelly (43 damage)
             ... on level 4 of the Swamp.
             The game lasted 01:12:24 (29001 turns).

Monibiz the Severer (Minotaur Berserker)           Turns: 29001, Time: 01:12:24

Health: -41/151    AC: 23    Str: 26    XL:     16   Next: 84%
Magic:  15/15      EV: 15    Int:  8    God:    Trog [******]
Gold:   3038       SH: 14    Dex: 13    Spells: 15/15 levels left

rFire    + . .     SeeInvis +   p - +13 broad axe "Iwofom" {speed, Int+4}
rCold    . . .     Gourm    .   O - +0 shield
rNeg     . . .     Faith    +   n - +3 plate armour {rF+}
rPois    +         Spirit   .   A - +0 hat {SInv}
rElec    .         Reflect  .   Y - scarf {repulsion}
rCorr    .         Harm     .   T - +0 pair of gloves
MR       ++++.                  N - +0 pair of boots
Stlth    ..........             t - amulet of faith
HPRegen  1.35/turn              k - ring of poison resistance
MPRegen  0.14/turn              Z - ring of protection from magic

@: regenerating, repel missiles
A: retaliatory headbutt, horns 2
a: Berserk, Trog's Hand, Brothers in Arms, Renounce Religion


You were on level 4 of the Swamp.
You worshipped Trog.
Trog was exalted by your worship.
You were not hungry.

You visited 5 branches of the dungeon, and saw 28 of its levels.
You visited the Abyss 1 time.
You also visited: Sewer, Ossuary and Ice Cave.

You collected 3531 gold pieces.
You spent 493 gold pieces at shops.

Inventory:

Hand Weapons
 p - the +13 broad axe "Iwofom" (weapon) {speed, Int+4}
   (Trog gifted it to you on level 6 of the Dungeon)

   Attacks with this weapon are significantly faster.
   It affects your intelligence (+4).
 U - a +2 broad axe of draining
Missiles
 K - 5 throwing nets
 R - 7 javelins of penetration (quivered)
Armour
 n - a +3 plate armour of fire resistance (worn)
 A - a +0 hat of see invisible (worn)
 N - a +0 pair of boots (worn)
 O - a +0 shield (worn)
 Q - a +0 cloak of cold resistance
 T - a +0 pair of gloves (worn)
 Y - a scarf of repulsion (worn)
Jewellery
 k - a ring of poison resistance (left hand)
 t - an amulet of faith (around neck)
 Z - a ring of protection from magic (right hand)
Wands
 s - a wand of digging (23)
 w - a wand of acid (13)
 I - a wand of iceblast (20)
 J - a wand of clouds (7)
Scrolls
 a - 9 scrolls of enchant weapon
 d - a scroll of summoning {unknown}
 e - 3 scrolls of holy word
 f - 15 scrolls of identify
 g - 8 scrolls of teleportation
 h - 9 scrolls of fog
 j - 8 scrolls of fear
 r - 8 scrolls of remove curse
 z - 3 scrolls of enchant armour
 E - a scroll of immolation {unknown}
 G - 2 scrolls of vulnerability {unknown}
 L - a scroll of torment {unknown}
 S - 2 scrolls of blinking {unknown}
 V - a scroll of brand weapon {unknown}
 W - a scroll of silence {unknown}
Potions
 b - 5 potions of brilliance
 i - 6 potions of lignification
 l - 10 potions of curing
 m - 5 potions of magic
 o - 3 potions of berserk rage
 q - 3 potions of resistance
 u - 4 potions of mutation
 v - a potion of ambrosia
 x - 3 potions of heal wounds
 B - 6 potions of flight
 C - 5 potions of agility
 D - a potion of experience
 F - a potion of invisibility
 H - 7 potions of might
 M - 3 potions of haste
 P - a potion of cancellation
Comestibles
 c - 52 rations
 X - 10 chunks of flesh


   Skills:
 + Level 16.0 Fighting
 - Level 18.0 Axes
 + Level 15.8 Armour
 + Level 14.6 Dodging
 + Level 14.7 Shields


You had 15 spell levels left.
You didn't know any spells.
Your spell library was empty.

Dungeon Overview and Level Annotations

Branches:
Dungeon (15/15)            Temple (1/1) D:6            Lair (6/6) D:10
  Swamp (4/4) Lair:2        Snake (0/4) Lair:3        Slime (0/5) Lair:6
    Orc (2/2) D:11            Elf (0/3) Orc:2        Vaults (0/5) D:14
 Depths (0/5) D:15

Altars:
Ashenzari
Cheibriados
Dithmenos
Elyvilon
Fedhas
Gozag
Hepliaklqana
Kikubaaqudgha
Makhleb
Nemelex Xobeh
Okawaru
Qazlal
Ru
Sif Muna
Trog
Uskayaw
Vehumet
Wu Jian
Xom
Yredelemnul
Zin
The Shining One
Beogh

Shops:
D:8 (   D:10 [   D:11 *   D:15 [   Orc:1 *}   Orc:2 ([=:

Portals:
Trove: D:13 (give +3 gold dragon scales)

Annotations:
D:5 2 transporters, JklonkHD's ghost, novice DECj
Swamp:1 2 transporters


Innate Abilities, Weirdness & Mutations

You reflexively headbutt those who attack you in melee.
You have a pair of horns on your head.


Message History

The four-headed hydra simulacrum barely misses you.
The four-headed hydra simulacrum closely misses you.
The four-headed hydra simulacrum bites you!
* * * LOW HITPOINT WARNING * * *
The four-headed hydra simulacrum freezes you!!
* * * LOW HITPOINT WARNING * * *
A five-headed hydra simulacrum comes into view.
A four-headed hydra simulacrum comes into view.
The four-headed hydra simulacrum moves out of view.
An azure jelly and a simulacrum come into view.
You feel much better.
You feel yourself speed up. The azure jelly hits you.
* * * LOW HITPOINT WARNING * * *
The azure jelly freezes you!!
* * * LOW HITPOINT WARNING * * *
The azure jelly hits you.
* * * LOW HITPOINT WARNING * * *
The azure jelly freezes you!!!
You die...

#. #.
.Z##
..##
Z..#
#..#
#ZJ#
#@Z#
#..##
#.Z##
#..
..≈
.D..
§≈≈≈.
§Z§≈§≈


You could see an ice dragon, an azure jelly, 2 eight-headed hydra simulacra, 2
five-headed hydra simulacra and 2 four-headed hydra simulacra.

Vanquished Creatures
  Frances (Swamp:2)
  A thorn hunter (Swamp:3)
  Kirke (D:12)
  2 orc warlords
  A frost giant (IceCv)
  Azrael (D:14)
  Nessos (D:12)
  The ghost of tuf08440 the Fighter, a journeyman DsGl of Okawaru (D:12)
  An ettin (Orc:1)
  A fire dragon (D:14)
  The ghost of NervFog the Stormcaller, a journeyman TeAE of Qazlal (D:12)
  The ghost of Qautamos the Destroyer, a journeyman DsWz of Ru (Orc:1)
  The ghost of Ihryk the Cleaver, a journeyman MiBe of Trog (D:12)
  An ice dragon (Lair:6)
  4 vault guards (D:14)
  15 hydras
  2 catoblepae
  A death knight (D:15)
  A centaur warrior (D:14)
  2 shambling mangroves
  7 two-headed ogres
  10 alligators
  4 tengu warriors
  2 orc high priests
  The ghost of Eniomedwe the Bewitcher, a novice FeEn of Wu Jian (Orc:1)
  5 unseen horrors
  3 swamp dragons
  A spriggan druid (Swamp:4)
  Pikel (D:7)
  2 wizards
  A phantasmal warrior (D:15)
  2 wolf spider zombies
  2 deep elf magi (D:14)
  A lindwurm (Lair:6)
  A lindwurm (shapeshifter) (D:15)
  6 orc knights
  2 wolf spiders
  2 cyclopes
  2 manticores (D:14)
  An orc sorcerer (Orc:2)
  5 ugly things
  8 elephants (Lair:6)
  An ice statue (IceCv)
  7 black mambas
  15 spiny frogs
  6 torpor snails (Lair:6)
  Psyche (D:8)
  2 kobold demonologists (D:15)
  3 freezing wraiths (D:15)
  A rime drake (Lair:4)
  7 komodo dragons
  4 guardian mummies (D:12)
  4 yaktaurs (D:11)
  A tengu conjurer (D:9)
  11 tyrant leeches
  7 trolls
  14 hornets
  2 merfolk
  17 polar bears
  29 blink frogs
  2 bog bodies (Swamp:1)
  11 hippogriffs
  14 slime creatures
  A shadow (D:14)
  7 spriggans
  3 wraiths
  3 wyverns
  A centaur simulacrum (D:14)
  A human (D:12)
  4 hogs (D:12)
  3 fire elementals (D:14)
  62 yaks
  5 basilisks
  3 hungry ghosts
  2 steam dragons
  9 vampire mosquitoes
  Menkaure (D:4)
  A redback simulacrum (D:15)
  24 insubstantial wisps
  14 swamp worms
  6 wargs (Orc:2)
  9 water moccasins
  5 acid dragons
  7 porcupines
  A hell hound (D:14)
  46 orc warriors
  2 black bears
  9 swamp drakes
  4 ice beasts
  5 sky beasts
  A necrophage (D:12)
  An eye of draining (D:12)
  7 phantoms
  12 ogres
  18 wolves
  13 centaurs
  4 crocodiles
  12 big kobolds
  An elf zombie (Ossuary)
  2 gnoll sergeants
  6 bullfrogs
  6 scorpions
  2 troll zombies (D:11)
  15 killer bees
  6 wights
  4 howler monkeys
  9 crimson imps
  A bullfrog zombie (D:6)
  A quasit (D:10)
  A human zombie (Ossuary)
  A wyvern simulacrum (D:14)
  3 centaur zombies
  8 jellies
  3 bullfrog skeletons
  4 hounds
  24 orc priests
  36 orc wizards
  5 centaur skeletons
  Natasha (thrice) (D:2)
  Ijyb (D:3)
  7 iguanas
  16 worker ants
  A killer bee zombie (D:5)
  9 ogre zombies
  12 mummies
  A worker ant zombie (D:5)
  11 gnolls
  5 river rats
  13 adders
  5 shadow imps
  3 oozes
  7 adder zombies
  3 adder skeletons
  7 worms
  A dart slug (D:1)
  9 leopard geckos
  115 orcs
  4 bats
  7 giant cockroaches
  A gnoll zombie (Ossuary)
  10 goblins
  8 hobgoblins
  9 jackals
  19 kobolds
  7 quokkas
  6 ball pythons
  4 frilled lizards
  A giant cockroach zombie (D:5)
  A goblin skeleton (D:11)
  9 goblin zombies
  A hobgoblin skeleton (D:11)
  3 hobgoblin zombies
  A jackal skeleton (D:4)
  A jackal zombie (D:5)
  5 kobold zombies
  A leopard gecko skeleton (D:4)
  18 orc zombies (D:11)
  A quokka skeleton (D:4)
  A quokka zombie (D:7)
  11 rats
  6 rat zombies (Ossuary)
  2 briar patches (Swamp:3)
  2 fungi
  4 plants
1084 creatures vanquished.

Vanquished Creatures (collateral kills)
  A hydra (D:14)
  Harold (D:11)
  An orc knight (D:14)
  A gargoyle (D:14)
  A troll (D:14)
  A fire elemental (D:14)
  A hell hound (D:14)
  An orc (D:11)
8 creatures vanquished.

Vanquished Creatures (others)
  A centaur skeleton (D:14)
  A necrophage (D:12)
  A kobold (D:14)
  A briar patch (Swamp:4)
  9 fungi
  21 plants
34 creatures vanquished.

Grand Total: 1126 creatures vanquished

Notes
Turn   | Place    | Note
-------+----------+-------------------------------------------
     0 | D:1      | Monibiz the Minotaur Berserker began the quest for the Orb.
     0 | D:1      | Reached XP level 1. HP: 19/19 MP: 0/0
    64 | D:1      | Reached XP level 2. HP: 26/27 MP: 1/1
   109 | D:1      | Reached skill level 4 in Axes
   388 | D:2      | Noticed Natasha
   398 | D:2      | Killed Natasha
   398 | D:2      | Reached XP level 3. HP: 9/33 MP: 2/2
   400 | D:2      | HP: 2/49 [worm (7)]
   700 | D:2      | Reached ** piety under Trog
   727 | D:2      | Reached XP level 4. HP: 38/40 MP: 3/3
   954 | D:2      | Noticed Natasha
   962 | D:2      | Killed Natasha
   962 | D:2      | Reached skill level 5 in Axes
  1269 | D:2      | Noticed Natasha
  1274 | D:2      | Killed Natasha
  1274 | D:2      | Reached XP level 5. HP: 47/47 MP: 4/4
  1816 | D:3      | Found a faded altar of an unknown god.
  1860 | D:3      | Noticed Ijyb
  1873 | D:3      | Killed Ijyb
  1879 | D:3      | Found an opulent altar of Gozag.
  2288 | D:4      | Noticed a phantom
  2291 | D:3      | Reached *** piety under Trog
  2298 | D:4      | Killed a phantom
  2298 | D:4      | Reached skill level 5 in Fighting
  2298 | D:4      | Reached skill level 6 in Axes
  2298 | D:4      | Reached XP level 6. HP: 45/56 MP: 5/5
  2592 | D:4      | Noticed Menkaure
  2600 | D:4      | Killed Menkaure
  2600 | D:4      | Reached XP level 7. HP: 61/61 MP: 6/6
  2641 | D:4      | Reached skill level 7 in Axes
  2655 | D:4      | Found a radiant altar of Vehumet.
  3042 | D:5      | Entered Level 5 of the Dungeon
  3141 | D:5      | Found a transporter.
  3143 | D:5      | Noticed JklonkHD's ghost (novice DECj)
  3160 | D:5      | Found a transporter.
  3181 | D:5      | Reached skill level 5 in Armour
  3615 | D:5      | Found a hazy altar of Hepliaklqana.
  3625 | D:5      | Reached skill level 8 in Axes
  3625 | D:5      | Reached XP level 8. HP: 29/70 MP: 7/7
  3626 | D:5      | Reached skill level 5 in Dodging
  3868 | D:5      | Found a shattered altar of Ashenzari.
  3966 | D:5      | Reached **** piety under Trog
  4370 | D:5      | Found a shadowy altar of Dithmenos.
  4396 | D:6      | Found a staircase to the Ecumenical Temple.
  4434 | Temple   | Entered the Ecumenical Temple
  4729 | D:6      | Reached skill level 9 in Axes
  4786 | D:6      | Found a glowing drain.
  4800 | Sewer    | Entered a sewer
  5158 | Sewer    | Reached ***** piety under Trog
  5158 | Sewer    | Reached XP level 9. HP: 78/79 MP: 8/8
  5400 | Sewer    | Reached skill level 10 in Axes
  6359 | D:6      | Reached skill level 11 in Axes
  6397 | D:6      | Got a steaming ring mail
  6408 | D:6      | Identified the +5 ring mail of the Storm King {rC+ Str-2
                  | Int+5 SInv} (You found it on level 6 of the Dungeon)
  6564 | D:6      | Received a gift from Trog
  6567 | D:6      | Got a crude broad axe {god gift}
  6851 | D:6      | Identified the +13 broad axe "Iwofom" {speed, Int+4} (Trog
                  | gifted it to you on level 6 of the Dungeon)
  6865 | D:7      | Reached XP level 10. HP: 84/90 MP: 9/9
  6911 | D:7      | Noticed Pikel
  6917 | D:7      | Killed Pikel
  7289 | D:8      | Found Waguscheg's Weapon Shop.
  7378 | D:8      | Found a sand-covered staircase.
  7383 | Ossuary  | Entered an ossuary
  7496 | Ossuary  | Reached skill level 12 in Axes
  7548 | Ossuary  | Received a gift from Trog
  7551 | Ossuary  | Reached ****** piety under Trog
  7999 | D:8      | Noticed Psyche
  8001 | D:8      | Killed Psyche
  8474 | D:9      | Noticed a two-headed ogre
  8488 | D:9      | Killed a two-headed ogre
  8663 | D:9      | Noticed a tengu warrior
  8673 | D:9      | Killed a tengu warrior
  8673 | D:9      | Reached XP level 11. HP: 87/99 MP: 10/10
  8673 | D:9      | Reached skill level 13 in Axes
  8783 | D:9      | Reached skill level 10 in Fighting
  9271 | D:9      | Received a gift from Trog
  9353 | D:10     | Entered Level 10 of the Dungeon
  9464 | D:10     | Noticed an unseen horror
  9466 | D:10     | Killed an unseen horror
  9473 | D:10     | Reached skill level 1 in Shields
  9632 | D:10     | Reached skill level 10 in Armour
  9800 | D:10     | Found a staircase to the Lair.
 10009 | D:10     | Found Kymu's Armour Shoppe.
 10014 | D:10     | Bought a +0 shield for 76 gold pieces
 10256 | D:11     | Noticed a six-headed hydra
 10261 | D:11     | Killed a nine-headed hydra
 10311 | D:11     | Reached skill level 14 in Axes
 10421 | D:11     | Received a gift from Trog
 10435 | D:11     | Found a staircase to the Orcish Mines.
 10558 | D:11     | Found a frozen archway.
 10564 | IceCv    | Entered an ice cave
 10601 | IceCv    | Reached XP level 12. HP: 88/110 MP: 11/11
 11236 | IceCv    | Reached skill level 10 in Dodging
 11371 | IceCv    | Noticed a frost giant
 11399 | IceCv    | Killed a frost giant
 11401 | IceCv    | Reached skill level 5 in Shields
 11411 | IceCv    | Reached skill level 15 in Axes
 11715 | D:11     | Received a gift from Trog
 11838 | D:11     | Found Risy's General Store.
 11848 | D:11     | Noticed Harold
 11853 | D:11     | Killed Harold
 12032 | D:11     | Noticed a two-headed ogre
 12040 | D:11     | Killed a two-headed ogre
 12130 | D:11     | Noticed a four-headed hydra
 12139 | D:11     | Killed an eight-headed hydra
 12557 | Lair:1   | Entered Level 1 of the Lair of Beasts
 13079 | Lair:1   | Noticed a four-headed hydra
 13089 | Lair:1   | Killed a nine-headed hydra
 13091 | Lair:1   | Received a gift from Trog
 13094 | Lair:1   | Reached XP level 13. HP: 118/118 MP: 12/12
 13771 | Lair:2   | Reached skill level 16 in Axes
 13918 | Lair:2   | Found a staircase to the Swamp.
 14640 | Lair:3   | Found a staircase to the Snake Pit.
 16362 | Lair:6   | Entered Level 6 of the Lair of Beasts
 16621 | Lair:6   | Received a gift from Trog
 16667 | Lair:6   | Found a staircase to the Slime Pits.
 16685 | Lair:6   | Received a gift from Trog
 16828 | Lair:6   | Reached XP level 14. HP: 92/127 MP: 13/13
 17239 | Lair:6   | Reached skill level 17 in Axes
 17260 | Lair:6   | Reached skill level 10 in Shields
 17703 | Lair:6   | Found a runed door.
 18495 | Orc:1    | Entered Level 1 of the Orcish Mines
 18574 | Orc:1    | Found a roughly hewn altar of Beogh.
 18776 | Orc:2    | Entered Level 2 of the Orcish Mines
 18911 | Orc:2    | Noticed an orc warlord
 18990 | Orc:1    | Killed an orc warlord
 19086 | Orc:2    | Received a gift from Trog
 19354 | Orc:2    | Found a staircase to the Elven Halls.
 19403 | Orc:2    | Found a roughly hewn altar of Beogh.
 19403 | Orc:2    | Found Yssick's Antique Weapon Emporium.
 19420 | Orc:2    | Found Wete's Antique Armour Shoppe.
 19481 | Orc:2    | Found a roughly hewn altar of Beogh.
 19484 | Orc:2    | Found Ipuups's Jewellery Boutique.
 19525 | Orc:2    | Bought an uncursed ring of protection from magic for 350
                  | gold pieces
 19702 | Orc:2    | Found a roughly hewn altar of Beogh.
 19707 | Orc:2    | Received a gift from Trog
 19750 | Orc:2    | Found a roughly hewn altar of Beogh.
 19763 | Orc:2    | Found Fawyac's Book Shop.
 19822 | Orc:2    | Found a roughly hewn altar of Beogh.
 19848 | Orc:2    | Found a roughly hewn altar of Beogh.
 19888 | Orc:2    | Found a roughly hewn altar of Beogh.
 20062 | Orc:1    | Found Posaell's Practical Paraphernalia.
 20072 | Orc:1    | Received a gift from Trog
 20215 | Orc:1    | Found Kopralue's Gadget Shoppe.
 20262 | Orc:1    | Noticed an orc warlord
 20428 | Orc:2    | Killed an orc warlord
 20703 | Orc:1    | You fall through a shaft!
 20794 | Orc:1    | Found a runed gate.
 20796 | Orc:1    | Found a runed gate.
 20797 | Orc:1    | Found a runed gate.
 20808 | Orc:1    | Noticed Eniomedwe's ghost (novice FeEn)
 20808 | Orc:1    | Noticed Qautamos's ghost (journeyman DsWz)
 20822 | Orc:1    | Killed Qautamos's ghost
 20829 | Orc:1    | Killed Eniomedwe's ghost
 21146 | D:12     | Noticed Nessos
 21262 | D:12     | Killed Nessos
 21266 | D:12     | Reached skill level 18 in Axes
 21268 | D:12     | Reached XP level 15. HP: 136/136 MP: 14/14
 21290 | D:12     | Received a gift from Trog
 21590 | D:12     | Noticed Kirke
 21605 | D:12     | Killed Kirke
 21731 | D:12     | Found a runed gate.
 21731 | D:12     | Found a runed gate.
 21731 | D:12     | Found a runed gate.
 21731 | D:12     | Noticed Ihryk's ghost (journeyman MiBe)
 21731 | D:12     | Noticed NervFog's ghost (journeyman TeAE)
 21732 | D:12     | Noticed tuf08440's ghost (journeyman DsGl)
 21743 | D:12     | Killed Ihryk's ghost
 21747 | D:12     | Killed NervFog's ghost
 21749 | D:12     | Killed tuf08440's ghost
 21794 | D:12     | Got amber-encrusted fire dragon scales
 21813 | D:12     | Identified the +2 fire dragon scales of the Forest {rF++
                  | rC- Dex+3} (You found it on level 12 of the Dungeon)
 22395 | D:13     | Found a portal to a secret trove of treasure.
 22479 | D:13     | Received a gift from Trog
 22897 | D:14     | Found a shadowy altar of Dithmenos.
 23247 | D:14     | Noticed Azrael
 23255 | D:14     | Killed Azrael
 23753 | D:14     | Received a gift from Trog
 23802 | D:14     | Found a gate to the Vaults.
 23890 | D:14     | Cast into level 2 of the Abyss (a wizard)
 23923 | D:14     | Escaped the Abyss
 24108 | D:15     | Entered Level 15 of the Dungeon
 24453 | D:15     | Found a staircase to the Depths.
 24493 | D:15     | Reached XP level 16. HP: 108/147 MP: 15/15
 24500 | D:15     | Found Takapre's Armour Emporium.
 24517 | D:15     | Bought a +0 pair of gloves for 67 gold pieces
 24540 | D:15     | Reached skill level 15 in Fighting
 25267 | Swamp:1  | Entered Level 1 of the Swamp
 25509 | Swamp:1  | Received a gift from Trog
 25718 | Swamp:1  | Found a transporter.
 25718 | Swamp:1  | Found a transporter.
 26435 | Swamp:2  | Reached skill level 15 in Armour
 26935 | Swamp:2  | Noticed Frances
 26943 | Swamp:2  | Killed Frances
 27665 | Swamp:3  | Noticed a thorn hunter
 27686 | Swamp:3  | Killed a thorn hunter
 27696 | Swamp:3  | Received a gift from Trog
 28701 | Swamp:4  | Entered Level 4 of the Swamp
 28987 | Swamp:4  | Noticed a thorn hunter
 29001 | Swamp:4  | HP: 6/151 [azure jelly (31)]
 29001 | Swamp:4  | HP: 2/151 [azure jelly (4)]
 29001 | Swamp:4  | Annihilated by an azure jelly

Vault maps used:
D:1:      scummos_arrival_star
D:2:      uniq_natasha
D:3:      grunt_gozag_breadcrumbs, chequers_ecumenical_altar_lobes, uniq_ijyb
D:4:      minmay_opposing_rooms, marbit_many_paths, first_ration, minmay_bent,
          uniq_menkaure
D:5:      nicolae_overflow_hidden_temple, gammafunk_ghost_mausoleum, basic_altar
D:6:      minmay_temple_entry_butterflies, portal_sewer_entry_e, nzn_random_ring
D:7:      st_stairs_9, uniq_pikel
D:8:      serial_shops, nicolae_shop_waterfront, nicolae_ossuary_entry_giza,
          uniq_psyche
D:10:     lair_entry_dummy, serial_shops, kennysheep_little_box
D:11:     zombieorc2_lemuel, serial_shops, shop_statue,
          portal_ice_cave_entry_pillars_1, uniq_harold
D:12:     gammafunk_ghost_cemetery, hangedman_stone_soup,
          minmay_guarded_unrand_curses, uniq_nessos, uniq_kirke
D:13:     enter_trove_0
D:14:     minmay_the_grid_octo_2x2, lightli_vaults_fourway_checkpoint,
          nicolae_dithmenos_through_a_glass_darkly, minivault_27,
          due_unseen_surprise, uniq_azrael
D:15:     hangedman_depths_entry_try_elsewhere_first, minmay_misc_feat_iff,
          serial_shops, shop_statue
Temple:   nicolae_temple_no_exploring_needed
Lair:1:   grunt_megastairs_3, lemuel_fruit_fields, serial_bayou_shore_b
Lair:2:   swamp_mist, lemuel_fruit_fields, grunt_megastairs_5
Lair:3:   dummy_snake_entry
Lair:4:   guppyfry_lair_drakes, grunt_megastairs_2
Lair:6:   wormcave, minmay_slime_entry_pillars, st_stairs_11
Swamp:1:  gammafunk_the_bubble, nicolae_swamp_feature_on_the_river_bank
Swamp:2:  infiniplex_staircase_pool, uniq_frances
Swamp:3:  evilmike_swamp_ruin_house_5, infiniplex_staircase_pool_2
Swamp:4:  swamp_icy
Orc:1:    enter_volcano_2, gammafunk_ghost_cemetery, serial_shops, shop,
          nicolae_alphabet_shops, kennysheep_orc_chapel
Orc:2:    grunt_orc_community_town_hall, grunt_orc_community_big_house_1,
          grunt_orc_community_big_house_2, grunt_orc_community_house_3,
          grunt_orc_community_house_2, grunt_orc_community_house_1,
          grunt_orc_community_house_2, grunt_orc_community_house_1
Sewer:    sewer_co_tree
Ossuary:  ossuary_boxes_badplayer
IceCv:    ice_cave_small_giant

Skill      XL: |  1  2  3  4  5  6  7  8  9 10 11 12 13 14 15 16 |
---------------+-------------------------------------------------+-----
Axes           | 4 5 6 8 9 11 12 14 15 16 18 | 18.0
Fighting       | 4 5 6 7 8 9 11 12 13 14 16 | 16.0
Armour         | 3 4 5 6 8 9 10 11 12 13 14 15 | 15.8
Dodging        | 3 4 6 7 8 9 10 11 12 13 14 | 14.6
Shields        | 4 6 9 11 13 14 | 14.7

Action                   |  1- 3 |  4- 6 |  7- 9 | 10-12 | 13-15 | 16-18 || total
-------------------------+-------+-------+-------+-------+-------+-------++-------
Melee: Hand axe          |    50 |   110 |   358 |       |       |       ||   518
       Headbutt          |     5 |    24 |    86 |   107 |   266 |    90 ||   578
       War axe           |       |       |    61 |       |       |       ||    61
       Broad axe         |       |       |     5 |   585 |  1163 |   408 ||  2161
Throw: Throwing net      |       |       |       |       |     2 |       ||     2
       Javelin           |       |       |       |       |     1 |     1 ||     2
Invok: Berserk           |     1 |     4 |     4 |     5 |     8 |     3 ||    25
       Brothers in Arms  |       |       |       |     1 |     1 |       ||     2
       Trog's Hand       |       |       |       |       |     6 |     3 ||     9
  Use: Scroll            |       |       |     6 |    17 |     8 |     4 ||    35
       Potion            |       |       |       |       |       |     1 ||     1
 Stab: Petrifying        |       |       |       |       |     2 |       ||     2
       Held in net/web   |       |       |       |       |     1 |       ||     1
       Petrified         |       |       |       |       |     1 |       ||     1
       Distracted        |       |       |       |       |     1 |       ||     1
  Eat: Chunk             |       |     6 |    15 |    18 |    42 |     8 ||    89
       Ration            |       |     1 |     1 |     2 |     2 |     3 ||     9
Armor: Animal skin       |     7 |       |       |       |       |       ||     7
       Ring mail         |    13 |    13 |    21 |    34 |       |       ||    81
       Scale mail        |       |    12 |   130 |       |       |       ||   142
       Chain mail        |       |       |       |   135 |   112 |       ||   247
       Plate armour      |       |       |       |       |   114 |    92 ||   206
Dodge: Dodged            |    34 |    63 |   234 |   221 |   284 |   124 ||   960
       Deflected         |       |       |       |       |    20 |     8 ||    28
Block: Shield            |       |       |       |   104 |   420 |   173 ||   697
       Buckler           |       |       |       |     9 |       |       ||     9

Table legend:
 A = Non-vault XP
 B = Vault XP
 C = Vault XP percentage of total XP
 D = Non-vault monster count
 E = Vault monster count
 F = Vault count percentage of total count
                 A         B        C        D         E       F
            +---------+---------+-------+---------+---------+-------
      Total |  136565 |   69579 |  33.8 |     729 |     356 |  32.8
            +---------+---------+-------+---------+---------+-------
        D:1 |      36 |       0 |   0.0 |      21 |       0 |   0.0
        D:2 |     160 |      37 |  18.8 |      31 |       1 |   3.1
        D:3 |      76 |      41 |  35.0 |       7 |       3 |  30.0
        D:4 |     210 |     390 |  65.0 |      10 |      10 |  50.0
        D:5 |     973 |       0 |   0.0 |      21 |       0 |   0.0
        D:6 |    1436 |     847 |  37.1 |      33 |      20 |  37.7
        D:7 |    1008 |     665 |  39.7 |      28 |       2 |   6.7
        D:8 |     784 |     424 |  35.1 |      10 |       4 |  28.6
        D:9 |    4856 |       0 |   0.0 |      35 |       0 |   0.0
       D:10 |    3155 |       0 |   0.0 |      44 |       0 |   0.0
       D:11 |    8017 |    1259 |  13.6 |      42 |      37 |  46.8
       D:12 |    3288 |    9193 |  73.7 |      27 |      21 |  43.8
       D:13 |    1725 |       0 |   0.0 |      20 |       0 |   0.0
       D:14 |    9829 |   19291 |  66.2 |      32 |      39 |  54.9
       D:15 |   10684 |    2524 |  19.1 |      27 |       5 |  15.6
     Temple |     163 |       0 |   0.0 |       3 |       0 |   0.0
     Lair:1 |    4589 |      88 |   1.9 |      19 |       1 |   5.0
     Lair:2 |    5210 |    1121 |  17.7 |      16 |       2 |  11.1
     Lair:3 |    5002 |       0 |   0.0 |      19 |       0 |   0.0
     Lair:4 |    4558 |    1649 |  26.6 |      21 |       9 |  30.0
     Lair:5 |     960 |       0 |   0.0 |       3 |       0 |   0.0
     Lair:6 |   13208 |    8526 |  39.2 |      41 |      25 |  37.9
    Swamp:1 |    6590 |       0 |   0.0 |      26 |       0 |   0.0
    Swamp:2 |   11787 |    2236 |  15.9 |      29 |       1 |   3.3
    Swamp:3 |   20403 |       0 |   0.0 |      47 |       0 |   0.0
    Swamp:4 |    8068 |       0 |   0.0 |      21 |       0 |   0.0
      Orc:1 |    4297 |    4848 |  53.0 |      44 |      10 |  18.5
      Orc:2 |    5493 |    5453 |  49.8 |      52 |      65 |  55.6
      Sewer |       0 |     992 | 100.0 |       0 |      28 | 100.0
    Ossuary |       0 |     491 | 100.0 |       0 |      37 | 100.0
      IceCv |       0 |    9504 | 100.0 |       0 |      36 | 100.0
            +---------+---------+-------+---------+---------+-------
